Map: Whispers of Gold

Players

ShiatLiker

  • Race: Zerg Zerg
  • League: Silver
  • Spawn Location: 9:00

iPlayDefense - Winner!

  • Race: Terran Terran
  • League: Silver
  • Spawn Location: 5:00

VOD

Have the link to the VOD?

Description

Time

  • Played on: April 13, 2025, 1:53 p.m.
  • Length: 20:33
Show
View Real Time Build Order
Export as new Build Order

ShiatLiker Zerg 

Build Orders: Pool First, Brood Lord Corruptor 

Get SALT Encoding   

  12  0:01  Drone  
  13  0:14  Drone  
  13  0:18  Overlord  
  14  0:37  Drone x3  
  17  1:10  Spawning Pool  
  16  1:13  Extractor  
  16  1:14  Drone  
  16  1:15  Hatchery  
  16  1:17  Drone  
  16  1:20  Drone  
  17  1:33  Drone  
  17  1:39  Drone  
  19  1:47  Overlord  
  19  1:52  Extractor  
  18  1:56  Queen  
  20  2:03  Roach Warren  
  20  2:07  Drone  
  20  2:15  Drone  
  21  2:24  Drone  
  22  2:30  Queen  
  22  2:34  Drone x2  
  26  2:49  Drone x3  
  29  2:57  Drone  
  30  3:00  Overlord  
  30  3:06  Burrow  
  30  3:13  Drone x2  
  30  3:14  Drone  
  30  3:19  Drone  
  35  3:20  Drone  
  35  3:38  Evolution Chamber  
  35  3:39  Drone, Evolution Chamber  
  35  3:40  Drone x3  
  37  3:46  Pneumatized Carapace  
  37  3:52  Drone x2  
  37  3:54  Drone  
  40  4:07  Overlord  
  40  4:09  Drone x4  
  44  4:15  Zerg Ground Armor Level 1  
  44  4:20  Zerg Missile Weapons Level 1  
  44  4:37  Hatchery  
  43  4:39  Overlord  
  43  4:40  Drone x2  
  45  4:51  Roach x2  
  45  4:52  Roach  
  51  5:01  Roach x3  
  51  5:02  Roach  
  59  5:07  Extractor  
  59  5:09  Extractor  
  59  5:12  Lair  
  57  5:15  Overlord x2  
  57  5:18  Drone x3  
  60  5:26  Overlord  
  60  5:27  Overlord  
  60  5:43  Drone x7  
  67  5:54  Roach  
  67  5:55  Roach x4  
  77  6:03  Overlord  
  69  6:17  Roach x2  
  69  6:18  Roach x5  
  83  6:28  Queen  
  85  6:36  Ravager x2  
  85  6:38  Ravager  
  88  6:44  Ravager  
  89  6:50  Drone x5  
  89  6:51  Drone x7  
  101  6:55  Extractor x2  
  99  7:01  Overlord x2  
  99  7:12  Overlord  
  99  7:13  Overlord x2  
  81  7:32  Roach  
  81  7:33  Roach x5  
  77  7:50  Roach x5  
  89  7:58  Zerg Ground Armor Level 2  
  87  7:59  Zerg Missile Weapons Level 2  
  87  8:16  Ravager  
  87  8:17  Ravager x4  
  92  8:22  Roach  
  92  8:23  Roach x11  
  116  8:38  Roach x5  
  126  8:49  Infestation Pit  
  110  9:12  Roach x16  
  110  9:24  Tunneling Claws  
  110  9:29  Hive  
  110  9:39  Spore Crawler  
  110  9:41  Drone x6  
  115  9:47  Drone x2  
  117  9:54  Roach  
  117  9:55  Spire  
  117  9:59  Spore Crawler  
  89  10:30  Queen  
  91  10:40  Roach x7  
  105  10:43  Glial Reconstitution  
  99  11:04  Spire  
  99  11:08  Corruptor, Greater Spire  
  99  11:09  Corruptor x4  
  99  11:10  Corruptor  
  99  11:11  Corruptor x2  
  114  11:20  Spore Crawler  
  114  11:25  Spore Crawler  
  112  11:46  Corruptor  
  112  11:47  Corruptor x3  
  120  11:58  Drone x3  
  120  11:59  Drone x2  
  125  12:07  Hatchery  
  124  12:19  Brood Lord x6  
  124  12:21  Brood Lord  
  138  12:40  Corruptor x2  
  94  13:19  Zerg Flyer Armor Level 1  
  94  13:23  Corruptor x2  
  82  13:32  Queen  
  81  13:48  Drone x3  
  84  13:59  Drone  
  84  14:00  Drone x13  
  84  14:01  Drone x2  
  84  14:02  Overlord x3  
  98  14:26  Drone  
  98  14:27  Drone x3  
  98  14:34  Spawning Pool  
  93  14:42  Extractor  
  93  14:45  Extractor  
  72  15:10  Zerg Flyer Weapons Level 1  
  72  15:38  Hatchery  
  67  15:44  Roach  
  67  15:55  Drone x6  
  33  16:35  Brood Lord  
  33  16:36  Brood Lord  
  37  16:43  Hatchery  
  36  16:57  Spawning Pool  
  34  17:15  Spawning Pool  
  2  18:03  Hatchery  
  1  18:22  Drone x2  
  1  18:23  Drone  
  2  18:43  Spawning Pool  
Show
View Real Time Build Order
Export as new Build Order

iPlayDefense Terran - Winner!

Build Orders:  

Get SALT Encoding   

  12  0:00  SCV  
  13  0:16  Supply Depot  
  13  0:25  Refinery  
  13  0:26  SCV  
  14  0:38  SCV  
  15  0:46  Barracks  
  15  0:50  SCV  
  16  1:02  SCV  
  17  1:14  SCV  
  18  1:26  SCV  
  19  1:35  Barracks Reactor  
  19  1:38  Supply Depot  
  19  1:40  Orbital Command  
  19  2:09  Command Center  
  19  2:10  SCV  
  19  2:11  Marine  
  19  2:12  Marine  
  22  2:22  SCV  
  23  2:26  Refinery  
  23  2:29  Marine  
  24  2:32  Engineering Bay  
  24  2:53  Barracks  
  24  2:54  Barracks  
  24  2:59  Terran Infantry Weapons Level 1  
  24  3:07  SCV  
  26  3:20  SCV  
  26  3:21  Orbital Command  
  26  3:32  SCV  
  27  3:54  SCV x2  
  29  3:55  Marine  
  29  3:56  Marine  
  33  4:06  SCV  
  33  4:07  SCV  
  34  4:13  Marine  
  34  4:14  Barracks Tech Lab, Marine  
  34  4:15  Barracks Tech Lab  
  34  4:25  SCV x2  
  34  4:26  Factory  
  36  4:31  Marine x2  
  36  4:33  Supply Depot  
  36  4:37  SCV x2  
  40  4:49  Combat Shield, Marine x2  
  40  4:50  Stimpack  
  42  4:56  SCV x2, Marine  
  42  4:57  Marine  
  46  5:02  Supply Depot  
  46  5:07  Marine x2  
  46  5:08  SCV x2  
  46  5:10  Factory Reactor  
  50  5:14  Marine  
  50  5:15  Marine  
  50  5:17  Starport  
  50  5:20  SCV x2  
  54  5:24  Marine  
  54  5:25  Marine  
  54  5:26  Supply Depot  
  56  5:32  SCV x2, Marine x2  
  60  5:37  Refinery  
  60  5:38  Refinery  
  60  5:42  Marine  
  60  5:43  Marine  
  60  5:48  Hellion x2  
  66  5:50  Marine  
  67  6:06  Supply Depot  
  67  6:10  Hellion x2  
  70  6:31  Hellion  
  72  6:37  Bunker  
  72  6:38  Bunker  
  68  6:42  Bunker  
  68  6:43  Starport Reactor  
  57  7:46  Bunker  
  57  7:49  SCV x2  
  59  7:51  Marine  
  59  7:52  Marine x4  
  67  7:58  Siege Tank  
  67  8:01  SCV x2, Liberator  
  67  8:02  Liberator  
  75  8:09  Supply Depot, Marine  
  75  8:10  Supply Depot, Marine x2  
  78  8:31  SCV, Marine x5, Siege Tank  
  87  8:34  Supply Depot  
  87  8:36  Supply Depot x2  
  87  8:37  Supply Depot  
  87  8:38  Supply Depot  
  87  8:44  Liberator  
  87  8:45  Liberator  
  93  8:48  Marine  
  93  8:54  Supply Depot  
  93  8:55  Supply Depot, Marine x4  
  98  9:03  Siege Tank  
  98  9:06  Marine  
  93  9:13  Marine  
  94  9:18  Supply Depot  
  94  9:19  Supply Depot  
  94  9:27  Liberator x2  
  94  9:31  Marine  
  100  9:35  Siege Tank  
  101  10:07  Siege Tank, Marine  
  101  10:08  Marine x4  
  112  10:17  Medivac  
  112  10:19  Medivac  
  110  10:25  Marine x5  
  112  10:39  Siege Tank  
  112  10:43  Marine x5  
  112  10:47  Medivac  
  112  10:49  Medivac  
  121  11:00  Marine  
  121  11:01  Marine x4  
  126  11:07  Supply Depot  
  126  11:09  Supply Depot  
  126  11:11  Siege Tank  
  126  11:16  Missile Turret x2  
  126  11:17  Missile Turret, Medivac  
  131  11:18  Medivac  
  131  11:19  Marine, Missile Turret  
  131  11:24  Missile Turret  
  134  11:30  Supply Depot  
  134  11:34  Supply Depot  
  134  11:36  Armory  
  134  11:44  Siege Tank  
  134  11:45  Marine x3  
  134  11:46  Marine x2  
  142  12:03  Marine x5  
  147  12:16  Siege Tank  
  147  12:21  Marine x5  
  155  12:30  Medivac x2  
  155  12:35  Supply Depot  
  159  12:37  Supply Depot  
  159  12:38  Marine  
  159  12:39  Marine x4  
  164  12:44  Terran Infantry Weapons Level 2  
  164  12:48  Siege Tank  
  167  12:56  Marine  
  167  12:57  Marine  
  169  12:59  Medivac  
  169  13:00  Medivac  
  169  13:02  Missile Turret  
  169  13:04  Missile Turret  
  142  13:24  Missile Turret  
  142  13:27  Missile Turret  
  135  13:29  Medivac  
  128  13:38  Marine  
  128  13:39  Marine x4  
  129  13:46  Missile Turret  
  129  13:48  Cyclone  
  104  13:56  Marine  
  104  13:57  Marine x4  
  109  14:04  Missile Turret  
  106  14:11  Missile Turret  
  106  14:14  Marine x5  
  111  14:20  Cyclone  
  111  14:31  Missile Turret  
  111  14:32  Marine x4  
  108  15:00  Terran Infantry Armor Level 1  
  77  16:28  Marine  
  77  16:29  Marine  
  79  16:46  Marine  
  79  16:47  Marine  
  81  17:04  Marine x2  
  83  17:22  Marine x2  
  76  17:58  Marine  
  76  17:59  Marine  
  78  18:16  Marine, Command Center  
  78  18:17  Marine  
  80  18:34  Marine x2  
  82  18:52  Marine x2  
  84  19:10  Marine x2  
  86  19:27  Marine  
  86  19:28  Marine  
  88  19:45  Marine  
  88  19:46  Marine  
  90  20:03  Marine  
  90  20:04  Marine  
Tags
 
Matchup
TvZ
Opening
Pool First
Replay Pack
DaveSC2
Spawn Locations
Cross Positions
Add a new tag
Caveats
  • Supply blocks, unpowered buildings, or Contaminate may cause inaccurate times.
  • Supply counts are checked every 10 seconds.